 Dungeon Crawl Stone Soup version 0.27.0-1-g7a089689b8 (webtiles) character file.

Game seed: 8930423302829449551

57 Demosthentine the Poker (level 4, -2/34 HPs)
             Began as a Merfolk Gladiator on Aug 2, 2021.
             Slain by Jessica (5 damage)
             ... on level 2 of the Dungeon.
             The game lasted 00:00:53 (1664 turns).

Demosthentine the Poker (Merfolk Gladiator)         Turns: 1664, Time: 00:00:54

Health: -2/34      AC:  4    Str: 15    XL:     4   Next: 0%
Magic:  4/4        EV: 13    Int:  7    God:
Gold:   70         SH:  0    Dex: 15    Spells: 3/3 levels left

rFire    . . .     SeeInvis .   a - +0 trident
rCold    . . .     Faith    .   (no shield)
rNeg     . . .     Spirit   .   b - +0 leather armour
rPois    .         Reflect  .   c - +0 helmet
rElec    .         Harm     .   (no cloak)
rCorr    .         Rampage  .   (no gloves)
Will     .....                  (no boots)
Stlth    +.........             (no amulet)
HPRegen  0.11/turn              (no ring)
MPRegen  0.09/turn              (no ring)

@: no status effects
A: (nimble swimmer 2), mertail
a: no special abilities


You were on level 2 of the Dungeon.
You visited 1 branch of the dungeon, and saw 2 of its levels.

You collected 70 gold pieces.

Inventory:

Hand Weapons
 a - a +0 trident (weapon)
Missiles
 d - 3 throwing nets (quivered)
Armour
 b - a +0 leather armour (worn)
 c - a +0 helmet (worn)
Scrolls
 e - a scroll of noise {unknown}
Potions
 h - 2 potions of attraction


   Skills:
 + Level 2.9 Fighting
 + Level 5.1 Polearms
 - Level 2.0 Throwing
 + Level 1.0 Armour
 + Level 4.7 Dodging


You had 3 spell levels left.
You didn't know any spells.
Your spell library contained the following spells:

 Spells                   Type           Power      Damage    Failure   Level
 Blink                    Tloc           N/A        N/A       65%         2
 Lesser Beckoning         Tloc           0%         N/A       86%         3
 Manifold Assault         Tloc           0%         N/A       100%        5


Dungeon Overview and Level Annotations

Branches:
Dungeon (2/15)

Altars:

Annotations:
D:2 Jessica


Innate Abilities, Weirdness & Mutations

((You are quick and stealthy near water. (Stealth+, EV+, Speed+++)))
Your lower body shifts to a powerful aquatic tail in water.


Message History

You puncture the adder!
You kill the adder!
The kobold closely misses you.
Your Armour skill increases to level 1!
Unknown command.
Jessica casts a spell at you. Pain shoots through your body!
Jessica looks very angry.
Jessica gestures wildly while chanting.
Jessica seems to speed up.
You hit the kobold.
You kill the kobold!
You have reached level 4!
Reach: a) +0 trident
Press: ? - help, Dir - move target, f - Jessica
Aim: Jessica, wielding a +0 club and wearing a +0 robe (fast, about 40% to evade your +0 trident)
You reach to attack!
You barely miss Jessica.
Unknown command.
You hit Jessica.
Jessica is heavily wounded.
Jessica hits you with a +0 club. x2
You completely miss Jessica.
Jessica is heavily wounded.
Jessica hits you with a +0 club.
* * * LOW HITPOINT WARNING * * *
You closely miss Jessica.
Jessica is heavily wounded.
Jessica hits you but does no damage.
Jessica grins evilly.
Jessica hits you with a +0 club.
* * * LOW HITPOINT WARNING * * *
You hit Jessica.
Jessica is heavily wounded.
Jessica closely misses you. Jessica hits you with a +0 club.
* * * LOW HITPOINT WARNING * * *
Unknown command.
You closely miss Jessica.
Jessica is heavily wounded.
Jessica hits you with a +0 club.
You die...

... .........# .# . ..
.#.....#>###.##.. .. ..
##.#........#..##.. ...
.##..#...............
....#...# .....##....##.#
........# ###........##.#
........# #...........#.###
......†.###.###.........##.
.........@@.# #............
.........#### #............
........## #####(..#..#.
........## #...##...
.......).# #.#.####.
.........# ####.#...##.
.........#######....###.##.
#.#.................# #....
. ####.....<.....##.# ##...


You could see Jessica (fast).

Vanquished Creatures
  An adder (D:2)
  A worm (D:2)
  2 dart slugs (D:1)
  3 endoplasms
  2 giant cockroaches
  3 goblins (D:1)
  7 hobgoblins
  2 quokkas (D:1)
  2 ball pythons (D:2)
  5 bats
  6 frilled lizards
  5 kobolds
  2 rats (D:1)
41 creatures vanquished.

Notes
Turn   | Place    | Note
-------+----------+-------------------------------------------
     0 | D:1      | Demosthentine the Merfolk Gladiator began the quest for the
                  | Orb.
     0 | D:1      | Reached XP level 1. HP: 16/16 MP: 1/1
   277 | D:1      | Reached XP level 2. HP: 22/23 MP: 2/2
   615 | D:1      | Reached XP level 3. HP: 28/28 MP: 3/3
  1204 | D:2      | Reached skill level 5 in Polearms
  1645 | D:2      | Noticed Jessica
  1655 | D:2      | Reached skill level 1 in Armour
  1659 | D:2      | Reached XP level 4. HP: 19/34 MP: 4/4
  1664 | D:2      | Slain by Jessica

Illustrated notes

Levels and vault maps discovered:
D:1:      minmay_arrival_four_loops, layout_loops_ring
D:2:      layout_rooms, uniq_jessica

Skill      XL: |  1  2  3 |
---------------+----------+-----
Polearms       | 5 |  5.1
Armour         | 1 |  1.0
Fighting       | |  2.9
Throwing       | |  2.0
Dodging        | |  4.7

Action                   |  1- 3 |  4- 6 || total
-------------------------+-------+-------++-------
Melee: Trident           |   149 |     6 ||   155
  Use: Scroll            |     3 |       ||     3
 Stab: Sleeping          |     3 |       ||     3
Armor: Leather armour    |    29 |     1 ||    30
Dodge: Dodged            |   101 |     1 ||   102
